 Dungeon Crawl Stone Soup version 0.26-b1-32-g5d43845318 (webtiles) character file.

Game seed: 2583709529060211309

874 HoaS the Cudgeller (level 8, -1/58 HPs)
             Began as a Formicid Fighter on Jan 8, 2021.
             Slain by Menkaure (14 damage)
             ... on level 5 of the Dungeon.
             The game lasted 00:09:24 (3825 turns).

HoaS the Cudgeller (Formicid Fighter)               Turns: 3825, Time: 00:09:25

Health: -1/58      AC: 11    Str: 21    XL:     8   Next: 24%
Magic:  8/8        EV:  5    Int:  9    God:
Gold:   207        SH: 11    Dex: 11    Spells: 7/7 levels left

rFire    . . .     SeeInvis +   n - +0 flail (vorpal)
rCold    . . .     Faith    .   c - +1 kite shield
rNeg     . . .     Spirit   .   o - +0 plate armour
rPois    .         Reflect  .   (helmet unavailable)
rElec    .         Harm     .   b - scarf {+Inv}
rCorr    .         Rampage  .   (no gloves)
Will     .....                  (no boots)
Stlth    ..........             (no amulet)
HPRegen  0.19/turn              (no ring)
MPRegen  0.11/turn              (no ring)

@: no status effects
A: permanent stasis, dig shafts and tunnels, four strong arms, antennae 3
a: Dig, Shaft Self, Evoke Invisibility


You were on level 5 of the Dungeon.
You visited 1 branch of the dungeon, and saw 5 of its levels.

You collected 207 gold pieces.

Inventory:

Hand Weapons
 n - a +0 vorpal flail (weapon)
Armour
 b - a scarf of invisibility (worn)
 c - a +1 kite shield (worn)
 o - a +0 plate armour (worn)
Wands
 a - a wand of random effects (19) (quivered)
Scrolls
 i - a scroll of identify
 l - 2 scrolls of enchant weapon
 p - a scroll of enchant armour
Potions
 d - a potion of might
 e - 4 potions of curing
 f - 2 potions of flight {unknown}
 g - a potion of attraction
 h - a potion of cancellation
 j - a potion of invisibility
 k - a potion of mutation {unknown}
 m - a potion of brilliance {unknown}


   Skills:
 - Level 3.2 Fighting
 * Level 7.4 Maces & Flails
 - Level 3.2 Armour
 + Level 7.1 Shields


You had 7 spell levels left.
You didn't know any spells.
Your spell library was empty.

Dungeon Overview and Level Annotations

Branches:
Dungeon (5/15)
 Temple: D:4-7

Altars:
Okawaru
Zin

Shops:
D:4 :

Annotations:
D:5 Menkaure


Innate Abilities, Weirdness & Mutations

You cannot be hasted, slowed, berserked, paralysed or teleported.
You can dig through walls and to a lower floor.
Your four strong arms can wield two-handed weapons with a shield.
You have a pair of large antennae on your head. (SInv)


Message History

No target in view!
Menkaure, Prince of Dust comes into view.
Found a stone staircase leading down.
You see here a scroll of identify.
You hit Menkaure.
Menkaure is lightly damaged.
Menkaure gestures at you while chanting.
Pain shoots through your body!
You hit Menkaure but do no damage.
Menkaure is lightly damaged.
Menkaure calls on the powers of darkness!
Your body is wracked with pain!
You sock Menkaure!
Menkaure is severely damaged.
Menkaure hits you!
* * * LOW HITPOINT WARNING * * *
You closely miss Menkaure.
Menkaure is severely damaged.
Menkaure hits you!
You die...

###.## ...>. #...#
#...# #. .... .$.
##..###########.##
#..M.............> #@#
#......#
#?######......## #
#............... .
.......######......###
####.#.# #.......# .
#.#.######..####'### #
.........##.......
#.######.##.⌠...⌠.
#.######.##.......


You could see Menkaure.

Vanquished Creatures
  Edmund (D:4)
  An eye of draining (D:4)
  2 ogres (D:4)
  A jelly (D:3)
  A bullfrog zombie (D:5)
  A hound (D:4)
  Jessica (D:3)
  Ijyb (D:4)
  An iguana (D:5)
  5 worker ants
  A hound zombie (D:4)
  A hound skeleton (D:4)
  Robin (D:3)
  A gnoll (D:1)
  5 adders
  A shadow imp (D:5)
  3 oozes
  2 worms
  4 dart slugs
  5 leopard geckos
  7 orcs
  5 giant cockroaches
  7 hobgoblins
  4 jackals
  A quokka (D:5)
  A ball python (D:1)
  8 bats
  4 frilled lizards
  A giant cockroach zombie (D:5)
  15 goblins
  6 kobolds
  2 leopard gecko skeletons (D:4)
  9 rats
109 creatures vanquished.

Notes
Turn   | Place    | Note
-------+----------+-------------------------------------------
     0 | D:1      | HoaS the Formicid Fighter began the quest for the Orb.
     0 | D:1      | Reached XP level 1. HP: 18/18 MP: 1/1
   152 | D:1      | Reached XP level 2. HP: 23/24 MP: 2/2
   372 | D:1      | Reached XP level 3. HP: 29/29 MP: 3/3
  1120 | D:2      | Reached XP level 4. HP: 26/35 MP: 4/4
  1840 | D:3      | Reached XP level 5. HP: 41/41 MP: 5/5
  1850 | D:3      | Noticed Robin
  1877 | D:3      | Reached skill level 5 in Shields
  1890 | D:3      | Killed Robin
  2026 | D:3      | Found an iron altar of Okawaru.
  2059 | D:3      | Noticed Jessica
  2069 | D:3      | Killed Jessica
  2070 | D:3      | Reached XP level 6. HP: 20/47 MP: 6/6
  2313 | D:4      | Found Wunuycuz's Book Shop.
  2320 | D:4      | Noticed an eye of draining
  2323 | D:4      | Reached skill level 5 in Maces & Flails
  2330 | D:4      | Killed an eye of draining
  2423 | D:4      | Noticed an ogre
  2431 | D:4      | Killed an ogre
  2432 | D:4      | Reached XP level 7. HP: 39/52 MP: 7/7
  2432 | D:4      | Noticed Edmund
  2480 | D:4      | Killed Edmund
  2867 | D:4      | Noticed Ijyb
  2876 | D:4      | Killed Ijyb
  3205 | D:4      | Reached XP level 8. HP: 28/58 MP: 8/8
  3540 | D:5      | Entered Level 5 of the Dungeon
  3678 | D:5      | Found a glowing silver altar of Zin.
  3820 | D:5      | Noticed Menkaure
  3825 | D:5      | Slain by Menkaure

Illustrated notes

Levels and vault maps discovered:
D:1:      psy_arrival_basics, layout_loops_ring
D:2:      layout_rooms
D:3:      layout_rooms, lemuel_doored_altar, uniq_robin, uniq_jessica
D:4:      layout_basic, serial_shops, shop, minmay_misc_feat_rugged, uniq_ijyb,
          uniq_edmund
D:5:      layout_basic, marbit_many_paths, minitemple, minmay_fountain_box,
          minmay_misc_feat_doors, uniq_menkaure

Skill      XL: |  1  2  3  4  5  6  7  8 |
---------------+-------------------------+-----
Shields        | 4 5 6 7 |  7.1
Maces & Flails | 3 4 6 7 |  7.4
Fighting       | |  3.2
Armour         | |  3.2

Action                   |  1- 3 |  4- 6 |  7- 9 || total
-------------------------+-------+-------+-------++-------
Melee: Flail             |   105 |   177 |   137 ||   419
 Abil: Dig               |       |     2 |     4 ||     6
Evoke: Wand              |       |     3 |     5 ||     8
  Use: Scroll            |     5 |     7 |       ||    12
Armor: Scale mail        |    35 |    29 |       ||    64
       Chain mail        |       |    17 |    26 ||    43
       Plate armour      |       |       |    28 ||    28
Dodge: Dodged            |    54 |    44 |    21 ||   119
Block: Kite shield       |    75 |    91 |    74 ||   240
